 Dungeon Crawl Stone Soup version 0.20.0-10-g0535bb4 (webtiles) character file.

47 MTVSty1e the Chopper (level 3, -1/31 HPs)
             Began as a Draconian Warper on June 3, 2017.
             Slain by a goblin
             ... wielding a +0 dagger
             ... led by Robin
              (2 damage)
             ... on level 1 of the Dungeon.
             The game lasted 00:01:26 (1383 turns).

MTVSty1e the Chopper (Draconian Warper)             Turns: 1383, Time: 00:01:29

Health: -1/31      AC:  6    Str: 14    XL:     3   Next: 48%
Magic:  6/6        EV: 12    Int: 13    God:
Gold:   45         SH:  0    Dex: 10    Spells: 6/6 levels left

rFire    . . .     SeeInvis .   a - +0 hand axe
rCold    . . .     Gourm    .   (no shield)
rNeg     . . .     Faith    .   (armour unavailable)
rPois    .         Spirit   .   (helmet restricted)
rElec    .         Reflect  .   (no cloak)
rCorr    .         Harm     .   e - +0 pair of gloves
MR       .....                  (no boots)
Stlth    +.........             (no amulet)
Regen    0.1/turn               (no ring)
MPRegen  0.1/turn               (no ring)

@: no status effects
A: unfitting armour, cold-blooded, AC +5
a: no special abilities


You were on level 1 of the Dungeon.
You were not hungry.

You visited 1 branch of the dungeon, and saw 2 of its levels.

You collected 45 gold pieces.

Inventory:

Hand Weapons
 a - a +0 hand axe (weapon)
Missiles
 d - 5 tomahawks of dispersal (quivered)
Armour
 e - a +0 pair of gloves (worn)
Scrolls
 c - 2 scrolls of blinking
 g - a scroll of identify {unknown}
 h - a scroll of remove curse {unknown}
Potions
 i - a potion of invisibility {unknown}
 j - 2 potions of haste {unknown}
Books
 b - a book of Spatial Translocations

   Spells                             Type                      Level
   a - Blink                          Translocation                2
   b - Shroud of Golubria             Charms/Translocation         2
   c - Lesser Beckoning               Translocation                3
   d - Gell's Gravitas                Translocation                3
   e - Teleport Other                 Translocation                3
   f - Passage of Golubria            Translocation                4


   Skills:
 + Level 3.1 Fighting
 * Level 3.3 Axes
 - Level 0.8 Throwing
 - Level 2.1 Dodging
 - Level 2.0 Spellcasting
   Level 3.0 Translocations


You had 6 spell levels left.
You didn't know any spells.

Dungeon Overview and Level Annotations

Branches:
Dungeon (2/15)

Altars:

Annotations:
D:2 Robin


Innate Abilities, Weirdness & Mutations

Your plain brown scales are hard. (AC +5)
You cannot fit into any form of body armour.
You are cold-blooded and may be slowed by cold attacks.


Message History

You closely miss the goblin. The goblin barely misses you.
The goblin misses you.
You closely miss the goblin. You tail-slap the goblin.
The goblin is almost dead.
You hit the goblin but do no damage. The goblin hits you with a club.
* * * LOW HITPOINT WARNING * * *
The goblin hits you with a dagger.
* * * LOW HITPOINT WARNING * * *
You closely miss the goblin.
The goblin is almost dead.
You hit the goblin but do no damage. The goblin hits you with a club.
* * * LOW HITPOINT WARNING * * *
The goblin misses you.
You barely miss the goblin.
The goblin is almost dead.
You miss the goblin. The goblin closely misses you.
The goblin hits you with a club.
* * * LOW HITPOINT WARNING * * *
The goblin hits you with a dagger.
You die...

#..#########.........#
#########..........######.##.#
...........#######.# #.##.####
.########..# ##.#### #....>... .#
#..#######.....######..... .#
##.§§§..............####... .#
#..≈§≈§§..#....≈≈≈≈..# #.##
.######.≈§§§§≈§g.g..≈≈≈≈≈≈.# #.##
)#......≈§≈≈≈§§)@<..≈≈≈≈≈≈.# #.##
.#.###..≈≈≈§≈≈......≈≈≈≈≈≈.###.##
....###..≈§≈≈..####..≈≈≈≈..#...##
....# ##§.....## ##....)......##
....#####..##.# #....####...##
.......##..##.## ##....# ##..##
...........[...####.....# ##..##
.......###.###..........# #.....
#...#### #.# ####.......# #...##


You could see 2 goblins.

Vanquished Creatures
  An ooze (D:1)
  3 dart slugs (D:1)
  2 leopard geckos
  2 giant cockroaches (D:1)
  4 goblins
  5 hobgoblins
  8 jackals (D:1)
  A bat (D:1)
  A frilled lizard (D:1)
  A kobold (D:1)
  2 rats (D:1)
30 creatures vanquished.

Notes
Turn   | Place    | Note
-------+----------+-------------------------------------------
     0 | D:1      | MTVSty1e the Draconian Warper began the quest for the Orb.
     0 | D:1      | Reached XP level 1. HP: 17/17 MP: 3/3
   399 | D:1      | Reached XP level 2. HP: 20/25 MP: 5/5
  1125 | D:1      | Reached XP level 3. HP: 30/30 MP: 6/6
  1370 | D:2      | Noticed Robin
  1383 | D:1      | HP: 1/31 [goblin/club[Robin] (4)]
  1383 | D:1      | Slain by a goblin

Skill      XL: |  1  2  3 |
---------------+----------+-----
Axes           | 3 |  3.3
Fighting       | 3 |  3.1
Throwing       | |  0.8
Dodging        | |  2.1
Spellcasting   | |  2.0
Translocations | |  3.0

Action                   || total
-------------------------++-------
Melee: Hand axe          ||   130
       Tailslap          ||    14
 Stab: Sleeping          ||     1
  Eat: Bread ration      ||     1
Armor: Skin              ||    38
Dodge: Dodged            ||    99
